 Dungeon Crawl Stone Soup version 0.22-b1-21-g5cfc1688f2 (webtiles) character file.

303 bobbeh the Cleaver (level 6, -11/51 HPs)
             Began as a Hill Orc Fighter on Aug 6, 2018.
             Was an Initiate of Beogh.
             Mangled by Pikel
             ... wielding a +1 whip of electrocution
              (16 damage)
             ... on level 4 of the Dungeon.
             The game lasted 00:08:09 (2926 turns).

bobbeh the Cleaver (Hill Orc Fighter)               Turns: 2926, Time: 00:08:10

Health: -11/51     AC: 12    Str: 21    XL:     6   Next: 38%
Magic:  6/6        EV:  3    Int:  8    God:    Beogh [......]
Gold:   145        SH: 11    Dex: 10    Spells: 5/5 levels left

rFire    + . .     SeeInvis .   a - +0 war axe
rCold    x . .     Gourm    .   l - +2 shield
rNeg     . . .     Faith    .   h - +0 plate armour
rPois    .         Spirit   .   i - +0 helmet
rElec    .         Reflect  .   (no cloak)
rCorr    .         Harm     .   (no gloves)
MR       .....                  (no boots)
Stlth    ..........             (no amulet)
HPRegen  0.17/turn              e - ring of fire (curse)
MPRegen  0.10/turn              (no ring)

@: no status effects
A: no striking features
a: Renounce Religion


You were on level 4 of the Dungeon.
You worshipped Beogh.
Beogh was noncommittal.
You were not hungry.

You visited 1 branch of the dungeon, and saw 4 of its levels.

You collected 145 gold pieces.

Inventory:

Hand Weapons
 a - a +0 war axe (weapon)
Armour
 b - a +0 scale mail
 c - a +0 shield
 h - a +0 plate armour (worn)
 i - a +0 helmet (worn)
 l - a +2 shield (worn)
Jewellery
 e - a cursed ring of fire (left hand)
Scrolls
 g - 3 scrolls of identify {unknown}
 j - 2 scrolls of immolation {unknown}
 k - a scroll of enchant armour {unknown}
 p - a scroll of magic mapping {unknown}
 r - 3 scrolls of fear {unknown}
 s - a scroll of noise {unknown}
Comestibles
 f - 8 rations


   Skills:
 - Level 3.6 Fighting
 + Level 8.6 Axes
 - Level 3.2 Armour
 - Level 3.2 Shields


You had 5 spell levels left.
You didn't know any spells.
Your spell library was empty.

Dungeon Overview and Level Annotations

Branches:
Dungeon (5/15)
 Temple: D:4-7

Altars:
Qazlal

Annotations:
D:4 Pikel


Message History

You kill the slave!
That felt strangely unrewarding.
You completely miss Pikel. You block Pikel's attack.
You barely miss Pikel.
Pikel is moderately wounded.
You block Pikel's attack.
You closely miss Pikel.
Pikel is moderately wounded.
Pikel hits you with a whip of electrocution.
You are electrocuted!
* * * LOW HITPOINT WARNING * * *
You closely miss Pikel.
Pikel is moderately wounded.
Pikel hits you but does no damage.
You are electrocuted!
* * * LOW HITPOINT WARNING * * *
Pikel barely misses you.
Your plate armour prevents you from hitting Pikel.
Pikel is moderately wounded.
Pikel hits you but does no damage.
You are electrocuted!
You die...

.# #.#
#....##########...##
.###.###.....# ##.###.##
............## ###.##
##.# .....#####.## #...#
#.# ###### #.# #.#.##
##.# # #.# #.##.###.## #
##'## #.###...## ##
##...######.####### .#
##.....##.@[.....# .##
##.......#K##.#.#.#
..####..........##.....#
.....'.................#
..####..........#.#....#
.## ##.......#.##.#.#.#
.# ##.....##.......<#
#########...######.#####
.......###'##### #.#


You could see Pikel.

Vanquished Creatures
  2 slaves (D:4)
  Duvessa (D:5)
  Dowan (D:5)
  A crimson imp (D:5)
  2 worker ants (D:4)
  An adder (D:4)
  2 oozes (D:2)
  3 worms (D:2)
  A dart slug (D:1)
  4 orcs
  2 giant cockroaches
  3 goblins
  3 hobgoblins
  2 quokkas
  2 ball pythons
  3 bats (D:1)
  3 frilled lizards
  8 kobolds
  A quokka skeleton (D:5)
  4 rats
49 creatures vanquished.

Notes
Turn   | Place    | Note
-------+----------+-------------------------------------------
     0 | D:1      | bobbeh the Hill Orc Fighter began the quest for the Orb.
     0 | D:1      | Reached XP level 1. HP: 19/19 MP: 1/1
   142 | D:1      | Reached skill level 3 in Axes
   276 | D:1      | Reached XP level 2. HP: 26/26 MP: 2/2
   399 | D:1      | Reached skill level 4 in Axes
   819 | D:2      | Reached XP level 3. HP: 27/31 MP: 3/3
   910 | D:2      | Reached skill level 5 in Axes
  1248 | D:2      | You fall through a shaft for 2 floors!
  1337 | D:4      | Became a worshipper of Beogh the Brigand
  1663 | D:4      | Reached skill level 6 in Axes
  1663 | D:4      | Reached XP level 4. HP: 28/39 MP: 4/4
  2029 | D:4      | Reached XP level 5. HP: 43/45 MP: 5/5
  2077 | D:4      | Found a stormy altar of Qazlal.
  2320 | D:5      | Entered Level 5 of the Dungeon
  2382 | D:5      | Noticed Dowan
  2382 | D:5      | Noticed Duvessa
  2417 | D:5      | Killed Duvessa
  2417 | D:5      | Reached skill level 7 in Axes
  2422 | D:5      | HP: 2/45 [poisoned by Duvessa]
  2438 | D:5      | Killed Dowan
  2438 | D:5      | Reached skill level 8 in Axes
  2438 | D:5      | Reached XP level 6. HP: 8/51 MP: 6/6
  2742 | D:5      | Noticed a slave
  2743 | D:5      | Noticed a slave
  2743 | D:5      | Noticed a slave
  2744 | D:5      | Noticed a slave
  2745 | D:5      | Noticed Pikel
  2785 | D:4      | Killed a slave
  2922 | D:4      | Killed a slave
  2926 | D:4      | Mangled by Pikel

Skill      XL: |  1  2  3  4  5 |
---------------+----------------+-----
Axes           | 3 4 6 8 |  8.6
Fighting       | |  3.6
Armour         | |  3.2
Shields        | |  3.2

Action                   |  1- 3 |  4- 6 || total
-------------------------+-------+-------++-------
Melee: War axe           |   164 |   116 ||   280
Invok: Convert to Beogh  |     1 |       ||     1
  Use: Potion            |       |     7 ||     7
  Eat: Ration            |     1 |     1 ||     2
Armor: Scale mail        |     6 |       ||     6
       Plate armour      |   107 |    64 ||   171
Dodge: Dodged            |    23 |    15 ||    38
Block: Shield            |    81 |    72 ||   153
